Map: Moondance

Players

Defo

  • Race: Protoss Protoss
  • Spawn Location: 6:00

ByuNoGenic - Winner!

  • Race: Protoss Protoss
  • Spawn Location: 12:00

VOD

https://youtube.com/watch?v=DnO3EupmtWE&si=EnSIkaIECMiOmarE&t=638

Description

Time

  • Played on: Jan. 12, 2023, 3:07 p.m.
  • Length: 5:41
Show
View Real Time Build Order
Export as new Build Order

Defo Protoss 

Build Orders:  

Get SALT Encoding   

  12  0:00  Probe  
  13  0:12  Probe  
  14  0:17  Pylon  
  14  0:24  Probe  
  15  0:36  Gateway  
  15  0:37  Probe  
  16  0:45  Assimilator  
  16  0:49  Probe  
  17  1:00  Gateway  
  17  1:01  Probe  
  18  1:13  Probe  
  19  1:22  Cybernetics Core  
  19  1:25  Probe  
  22  1:34  Pylon  
  22  1:39  Probe  
  23  1:51  Probe  
  22  1:56  Warp Gate (Chrono Boost)  
  22  1:57  Adept (Chrono Boost)  
  22  1:58  Adept (Chrono Boost)  
  26  2:03  Probe  
  27  2:08  Pylon  
  27  2:12  Gateway  
  28  2:15  Probe  
  28  2:40  Nexus  
  24  3:22  Pylon  
  24  3:23  Robotics Facility  
  24  3:24  Assimilator  
  24  3:43  Stalker x3  
  30  3:51  Pylon  
  30  3:53  Assimilator  
  30  3:56  Probe  
  30  3:57  Probe  
  32  4:07  Stalker  
  32  4:08  Stalker x2  
  32  4:09  Probe x2  
  40  4:14  Observer (Chrono Boost)  
  41  4:21  Probe x2  
  41  4:22  Shield Battery  
  43  4:28  Shield Battery  
  43  4:33  Probe x2  
  43  4:35  Sentry  
  47  4:45  Probe x2  
  49  4:57  Probe x2  
  51  5:05  Stalker  
  39  5:20  Stalker x2  
Show
View Real Time Build Order
Export as new Build Order

ByuNoGenic Protoss - Winner!

Build Orders:  

Get SALT Encoding   

  12  0:00  Probe  
  13  0:12  Probe  
  14  0:16  Pylon  
  14  0:24  Probe (Chrono Boost)  
  15  0:36  Probe (Chrono Boost)  
  15  0:37  Gateway  
  16  0:43  Probe (Chrono Boost)  
  16  0:46  Assimilator  
  17  0:51  Probe  
  17  0:56  Assimilator  
  18  1:03  Probe  
  19  1:11  Gateway  
  19  1:15  Probe  
  20  1:25  Cybernetics Core  
  20  1:28  Probe  
  21  1:36  Pylon  
  21  1:40  Probe  
  22  1:52  Probe  
  23  2:01  Stalker  
  23  2:02  Sentry  
  23  2:03  Warp Gate  
  23  2:04  Probe  
  28  2:11  Pylon  
  28  2:28  Stalker  
  30  2:31  Stalker  
  31  2:37  Robotics Facility  
  31  3:02  Nexus  
  31  3:05  Sentry  
  33  3:12  Pylon  
  33  3:17  Sentry  
  35  3:29  Immortal (Chrono Boost)  
  39  3:42  Gateway  
  39  3:58  Warp Prism (Chrono Boost)  
  39  4:02  Probe  
  42  4:14  Probe x2  
  44  4:23  Pylon  
  44  4:31  Probe  
  44  4:32  Probe  
  44  4:38  Stalker x2  
  50  4:41  Stalker  
  52  4:49  Probe x2  
  52  4:52  Pylon  
  52  5:05  Adept x2  
  52  5:06  Adept  
  56  5:13  Probe  
  56  5:14  Probe  
  54  5:27  Probe x2  
  56  5:31  Stalker x2  
  56  5:32  Stalker  
Tags
 
Matchup
PvP
Spawn Locations
Cross Positions
Add a new tag
Caveats
  • Supply blocks, unpowered buildings, or Contaminate may cause inaccurate times.
  • Supply counts are checked every 10 seconds.